 Dungeon Crawl Stone Soup version 0.31.0-11-ge490571c62 (webtiles) character file.

Game seed: 3029699873133833585

69 qw the Shooter (level 4, -1/22 HPs)
             Began as a Spriggan Hunter on Feb 4, 2024.
             Slain by a goblin
             ... wielding a +0 club
              (4 damage)
             ... on level 3 of the Dungeon.
             The game lasted 00:00:04 (1652 turns).

qw the Shooter (Spriggan Hunter)                    Turns: 1652, Time: 00:00:05

Health: -1/22      AC:  2    Str:  7    XL:     4   Next: 2%
Magic:  5/5        EV: 19    Int: 10    God:
Gold:   134        SH:  0    Dex: 20    Spells: 3/3 levels left

rFire   . . .        a - +2 shortbow
rCold   . . .        (shield currently unavailable)
rNeg    . . .        c - +0 robe
rPois   .            (helmet restricted)
rElec   .            (no cloak)
rCorr   .            (gloves unavailable)
SInv    +            (boots unavailable)
Will    .....        (no amulet)
Stlth   ++           (no ring)
HPRegen 0.23/turn    (no ring)
MPRegen 0.09/turn

%: no passive effects
@: very quick
A: very small, no large weapons, unfitting armour, see invisible, speed 3
a: no special abilities


You were on level 3 of the Dungeon.
You visited 1 branch of the dungeon, and saw 3 of its levels.

You collected 134 gold pieces.


Innate Abilities, Weirdness & Mutations

You are very small and have problems with some larger weapons.
You are too small for most types of armour.
You have supernaturally acute eyesight. (SInv)
You cover ground extremely quickly. (Speed+++)


   Skills:
 - Level 1.5 Fighting
 - Level 5.0 Ranged Weapons
 + Level 4.2 Dodging
 - Level 1.5 Stealth


You had 3 spell levels left.
You didn't know any spells.
Your spell library was empty.

Inventory:

Hand Weapons
 a - a +2 shortbow (weapon)
Armour
 c - a +0 robe (worn)
Potions
 b - a potion of curing
 d - a potion of haste
 e - a potion of enlightenment
 h - a potion of magic {unknown}

Dungeon Overview and Level Annotations

Branches:
Dungeon (3/15)

Altars:


Message History

You shoot an arrow. The arrow barely misses the goblin.
The goblin completely misses you. The dart slug launches a dart at you.
The slug dart misses you.
You shoot an arrow. The arrow closely misses the goblin.
The goblin barely misses you.
You shoot an arrow. The arrow hits the dart slug!
The dart slug is severely wounded.
The goblin misses you.
You shoot an arrow.
The arrow completely misses the dart slug.
The goblin completely misses you.
Robin's bangles clink loudly.
The dart slug bites you. Robin throws the goblin at you!
The goblin closely misses you.
You shoot an arrow. The arrow hits the dart slug!
You kill the dart slug!
The goblin hits you but does no damage. The goblin hits you with a +0 club.
You have reached level 4!
You shoot an arrow. The arrow hits Robin!
Robin is heavily wounded.
The goblin hits you with a +0 club. The goblin misses you.
Robin throws the goblin at you!
You shoot an arrow. The arrow barely misses Robin.
The goblin barely misses you. The goblin completely misses you.
Robin barely misses you.
You shoot an arrow. The arrow barely misses Robin.
The goblin no longer looks unusually strong.
The goblin closely misses you. The goblin hits you with a +0 club.
Robin roars a battlecry!
The goblin goes into a battle-frenzy!
You shoot an arrow. The arrow hits Robin!
Robin is severely wounded.
The goblin closely misses you. The goblin misses you. Robin misses you.
You shoot an arrow. The arrow hits Robin.
You kill Robin!
The goblin no longer looks unusually strong.
The goblin completely misses you. The goblin hits you with a +0 club.
The goblin hits you but does no damage. The goblin hits you with a +0 club.
You die...

### #.. #.#
)%#####.####
....).))g.>#
#@# #g# #.#
#.# #.#
#.##.#.#
#.##.#.#
#.##.#.#
#.##.#.#


You could see 2 goblins.

Vanquished Creatures
  Robin (D:3)
  An adder (D:2)
  3 dart slugs
  A ribbon worm (D:2)
  3 bats
  3 endoplasms
  3 giant cockroaches (D:1)
  7 hobgoblins
  2 quokkas (D:2)
  7 ball pythons
  A frilled lizard (D:1)
  8 goblins
  7 kobolds
  4 rats
51 creatures vanquished.

Notes
Turn   | Place    | Note
-------+----------+-------------------------------------------
     0 | D:1      | qw the Spriggan Hunter began the quest for the Orb.
     0 | D:1      | Reached XP level 1. HP: 10/10 MP: 2/2
     0 | D:1      | 0 ||| qw: Version: 0.3-a-160-g6735b56
     0 | D:1      | 0 ||| qw: Game counter: 4568
     0 | D:1      | 0 ||| qw: Melee chars always use a shield: true
     0 | D:1      | 0 ||| qw: God list: Okawaru
     0 | D:1      | 0 ||| qw: Allow faded altars: false
     0 | D:1      | 0 ||| qw: Do Orc after clearing Dungeon:15 true
     0 | D:1      | 0 ||| qw: Do second Lair branch before Depths: true
     0 | D:1      | 0 ||| qw: Lair rune preference: random
     0 | D:1      | 0 ||| qw: Goals: Normal
     0 | D:1      | 0 ||| PLANNING D:1-11
    21 | D:1      | Reached skill level 3 in Dodging
    72 | D:1      | Reached XP level 2. HP: 14/14 MP: 3/3
   542 | D:1      | 542 ||| READING 2 scrolls labelled BUORIFA YLON.
   542 | D:1      | 542 ||| ENCHANTING +0 shortbow.
   543 | D:1      | 543 ||| READING scroll of enchant weapon.
   543 | D:1      | 543 ||| ENCHANTING +1 shortbow.
   544 | D:1      | 544 ||| READING scroll labelled VECWOEMPAH.
   545 | D:1      | 545 ||| READING scroll labelled SUGUCS ZAUSI.
   646 | D:1      | 646 ||| DROPPING scroll of butterflies.
   764 | D:2      | Reached XP level 3. HP: 18/18 MP: 4/4
  1378 | D:2      | Found a faded altar of an unknown god.
  1560 | D:2      | 1560 ||| READING scroll labelled QAAXIY RAQEKUPN.
  1561 | D:2      | 1561 ||| READING 3 scrolls labelled PIN TOIPAGORO.
  1561 | D:2      | 1561 ||| IDENTIFYING purple potion
  1562 | D:2      | 1562 ||| READING 2 scrolls of identify.
  1562 | D:2      | 1562 ||| IDENTIFYING bubbling blue potion
  1563 | D:2      | 1563 ||| READING scroll of identify.
  1563 | D:2      | 1563 ||| IDENTIFYING orange potion
  1564 | D:2      | 1564 ||| DRINKING 2 golden potions.
  1565 | D:2      | 1565 ||| DROPPING potion of degeneration.
  1631 | D:3      | Reached skill level 5 in Ranged Weapons
  1632 | D:3      | Noticed Robin
  1648 | D:3      | Reached XP level 4. HP: 7/22 MP: 5/5
  1648 | D:3      | HP: 4/22 [goblin/+0 club (3)]
  1652 | D:3      | Killed Robin
  1652 | D:3      | Slain by a goblin

Levels and vault maps discovered:
D:1:      moated_graveyard_arrival, layout_loops_ring, minmay_unequal
D:2:      layout_loops_corners, basic_ecumenical_altar
D:3:      layout_basic, uniq_robin, uniq_crazy_yiuf_cottage

Skill      XL: |  1  2  3 |
---------------+----------+-----
Dodging        | 3 4 |  4.2
Ranged Weapons | 5 |  5.0
Fighting       | |  1.5
Stealth        | |  1.5

Action                     |  1- 3 |  4- 6 || total
---------------------------+-------+-------++-------
   Fire: Shortbow          |   111 |     5 ||   116
    Use: Scroll            |     8 |       ||     8
         Potion            |     1 |       ||     1
 Armour: Robe              |    18 |     5 ||    23
  Dodge: Dodged            |    37 |     9 ||    46

Table legend:
 A = Non-vault XP
 B = Vault XP
 C = Vault XP percentage of total XP
 D = Non-vault monster count
 E = Vault monster count
 F = Vault count percentage of total count
                 A         B        C        D         E       F
            +---------+---------+-------+---------+---------+-------
      Total |      79 |      36 |  31.3 |      38 |      13 |  25.5
            +---------+---------+-------+---------+---------+-------
        D:1 |      34 |       1 |   2.9 |      19 |       1 |   5.0
        D:2 |      41 |       0 |   0.0 |      18 |       0 |   0.0
        D:3 |       4 |      35 |  89.7 |       1 |      12 |  92.3
            +---------+---------+-------+---------+---------+-------
